 Dungeon Crawl Stone Soup version 0.23.1 (webtiles) character file.

Game seed: 0

1281 Elpenore the Slinger (level 8, -16/54 HPs)
             Began as a Halfling Hunter on Mar 11, 2019.
             Was a Believer of Okawaru.
             Demolished by an ogre
             ... wielding a +0 giant spiked club
              (25 damage)
             ... on level 7 of the Dungeon on Mar 13, 2019.
             The game lasted 02:03:20 (6451 turns).

Elpenore the Slinger (Halfling Hunter)              Turns: 6451, Time: 02:03:20

Health: -16/54     AC:  3    Str: 13    XL:     8   Next: 84%
Magic:  9/9        EV: 16    Int:  9    God:    Okawaru [**....]
Gold:   145        SH:  0    Dex: 17    Spells: 5/7 levels left

rFire    . . .     SeeInvis +   A - +1 falchion (slice)
rCold    . . .     Gourm    .   (shield restricted)
rNeg     . . .     Faith    .   c - +0 leather armour
rPois    +         Spirit   .   (no helmet)
rElec    .         Reflect  .   (no cloak)
rCorr    .         Harm     .   (no gloves)
MR       .....                  (no boots)
Stlth    +++.......             m - amulet of the acrobat
HPRegen  0.18/turn              n - ring of see invisible
MPRegen  0.11/turn              E - ring of poison resistance

@: no status effects
A: small, mutation resistance 1
a: Heroism, Renounce Religion


You were on level 7 of the Dungeon.
You worshipped Okawaru.
Okawaru was pleased with you.
You were not hungry.

You visited 1 branch of the dungeon, and saw 7 of its levels.

You collected 392 gold pieces.
You spent 247 gold pieces at shops.

Inventory:

Hand Weapons
 a - a +1 hunting sling
 b - a +0 short sword
 A - a +1 falchion of slicing (weapon)
Missiles
 d - 71 sling bullets
 e - 15 poisoned needles
 i - 49 stones (quivered)
Armour
 c - a +0 leather armour (worn)
 v - the cursed +1 robe "Qusiats" {rPois rF- Str+3 Int+4}
   (You found it on level 5 of the Dungeon)

   It affects your strength (+3).
   It affects your intelligence (+4).
   It makes you vulnerable to fire.
   It protects you from poison.
   It has a curse placed upon it.
Jewellery
 m - an amulet of the acrobat (around neck)
 n - a ring of see invisible (left hand)
 x - a +3 amulet of reflection {unknown}
 C - an uncursed ring of wizardry {unknown}
 E - a ring of poison resistance (right hand)
Scrolls
 g - 2 scrolls of amnesia {unknown}
 j - 3 scrolls of remove curse
 k - 2 scrolls of enchant weapon {unknown}
 l - 5 scrolls of identify
 o - 5 scrolls of teleportation
 t - a scroll of random uselessness {unknown}
 u - 2 scrolls of blinking
 y - a scroll of enchant armour {unknown}
 z - a scroll of fog {unknown}
Potions
 h - a potion of agility {unknown}
 p - a potion of cancellation {unknown}
 q - 2 potions of haste {unknown}
 r - a potion of magic {unknown}
 s - a potion of curing {unknown}
 w - 2 potions of degeneration {unknown}
 B - 2 potions of flight {unknown}
 D - a potion of heal wounds {unknown}
Comestibles
 f - 6 rations
 F - 3 chunks of flesh


   Skills:
 + Level 3.9 Fighting
 + Level 4.2 Short Blades
 * Level 9.4 Slings
 + Level 3.5 Armour
 + Level 4.3 Dodging
 + Level 4.1 Stealth
 + Level 2.6 Invocations


You had 5 spell levels left.
You knew the following spells:

 Your Spells              Type           Power        Failure   Level  Hunger
a - Swiftness             Chrm/Air       #.......     58%         2    ###....

Your spell library contained the following spells:

 Spells                   Type           Power        Failure   Level  Hunger
 Shock                    Conj/Air       #...         45%         1    ##.....
 Static Discharge         Conj/Air       #.......     83%         3    ####...
 Airstrike                Air            #.........   99%         4    #####..
 Lightning Bolt           Conj/Air       #.........   100%        5    ######.


Dungeon Overview and Level Annotations

Branches:
Dungeon (7/15)             Temple (0/1) D:5

Altars:
Elyvilon
Hepliaklqana
Okawaru
Sif Muna
Trog
Vehumet
Xom
Yredelemnul

Shops:
D:5 }[[?

Annotations:
D:4 2 transporters


Innate Abilities, Weirdness & Mutations

You are small and have problems with some larger weapons.
You are somewhat resistant to further mutation.


Message History

The ogre is moderately wounded.
The ogre hits you but does no damage.
You hit the ogre.
The ogre is heavily wounded.
The ogre hits you with a +0 giant spiked club!!
You hit the ogre.
The ogre is heavily wounded.
You barely miss the ogre.
The ogre is heavily wounded.
The ogre hits you with a +0 giant spiked club!!
* * * LOW HITPOINT WARNING * * *
You feel like a meek peon again.
Okay, then.
Casting: Swiftness (safe; 58% risk of failure)
Confirm with . or Enter, or press ? or * to list all spells.
Okay, then.
You barely miss the ogre.
The ogre is heavily wounded.
The ogre hits you with a +0 giant spiked club!!
You die...

..#....### ##.#.#
#####)# #.....#
#.##### +# #.# .# #.#
###>#### #.# #<.....#
#.# #.@..#.# ##.##
#.O....#
#...########....#.##
#.#.................
#...########.####.###
##### #.# .# #.# #
#.. ###


You could see an ogre.

Vanquished Creatures
  Eustachio (D:4)
  A black bear (D:6)
  2 ogres
  An ice beast (D:5)
  A bullfrog (D:6)
  2 scorpions
  2 howler monkeys (D:4)
  4 hounds
  An orc priest (D:5)
  2 orc wizards
  4 worker ants
  A killer bee zombie (D:6)
  A hound skeleton (D:5)
  9 adders
  2 river rats (D:5)
  A shadow imp (D:5)
  An ooze (D:1)
  2 adder skeletons (D:4)
  2 worms (D:3)
  2 dart slugs
  10 orcs
  2 ball pythons
  5 bats
  4 giant cockroaches
  6 goblins (D:2)
  9 hobgoblins
  13 jackals
  6 kobolds
  3 quokkas
  2 frilled lizards
  A leopard gecko zombie (D:6)
  7 rats
110 creatures vanquished.

Vanquished Creatures (others)
  2 oozes
  A worm (D:2)
  A quokka (D:2)
  A goblin (D:2)
5 creatures vanquished.

Grand Total: 115 creatures vanquished

Notes
Turn   | Place    | Note
-------+----------+-------------------------------------------
     0 | D:1      | Elpenore the Halfling Hunter began the quest for the Orb.
     0 | D:1      | Reached XP level 1. HP: 14/14 MP: 1/1
    89 | D:1      | Reached skill level 6 in Slings
    89 | D:1      | Reached XP level 2. HP: 19/19 MP: 2/2
   532 | D:2      | Reached skill level 2 in Fighting
   539 | D:2      | Reached XP level 3. HP: 20/24 MP: 3/3
   777 | D:2      | Reached skill level 1 in Short Blades
   783 | D:2      | Reached skill level 1 in Armour
   796 | D:2      | Reached XP level 4. HP: 24/29 MP: 4/4
   852 | D:2      | Found a radiant altar of Vehumet.
   855 | D:2      | Found a bloodstained altar of Trog.
  1431 | D:2      | Found an iron altar of Okawaru.
  1444 | D:2      | Reached skill level 2 in Stealth
  1491 | D:2      | Became a worshipper of Warmaster Okawaru
  1577 | D:3      | Reached XP level 5. HP: 35/35 MP: 5/5
  1585 | D:3      | Reached skill level 2 in Short Blades
  1763 | D:3      | Found a basalt altar of Yredelemnul.
  2048 | D:3      | Reached skill level 7 in Slings
  2252 | D:3      | Found a hazy altar of Hepliaklqana.
  2626 | D:4      | Noticed an ogre
  2662 | D:4      | Reached skill level 3 in Dodging
  2665 | D:4      | Reached XP level 6. HP: 35/41 MP: 6/6
  2686 | D:4      | Found an iron altar of Okawaru.
  2699 | D:4      | Noticed Eustachio
  2752 | D:5      | Entered Level 5 of the Dungeon
  2752 | D:5      | Found a shimmering altar of Xom.
  2756 | D:5      | Found Tilamoca's Magic Scroll Shoppe.
  2910 | D:5      | Noticed an ice beast
  2915 | D:5      | Bought a scroll of teleportation for 33 gold pieces
  2915 | D:5      | Bought a scroll of blinking for 82 gold pieces
  2915 | D:5      | Bought a scroll of identify for 22 gold pieces
  2948 | D:5      | Got a dull robe
  2957 | D:5      | Reached skill level 2 in Armour
  3054 | D:4      | HP: 2/41 [ogre/+0 giant club (22)]
  3062 | D:4      | Killed an ogre
  3338 | D:4      | Identified the cursed +1 robe "Qusiats" {rPois rF- Str+3
                  | Int+4} (You found it on level 5 of the Dungeon)
  3448 | D:4      | Reached * piety under Okawaru
  3508 | D:4      | Found a transporter.
  3547 | D:4      | Reached skill level 3 in Fighting
  3547 | D:4      | Reached XP level 7. HP: 40/46 MP: 7/7
  3876 | D:4      | Found a transporter.
  3916 | D:4      | Killed Eustachio
  3916 | D:4      | Reached skill level 3 in Short Blades
  3916 | D:4      | Reached skill level 8 in Slings
  3916 | D:4      | Reached skill level 3 in Stealth
  3916 | D:4      | Reached skill level 1 in Invocations
  4564 | D:5      | Bought a scroll of identify for 22 gold pieces
  4564 | D:5      | Bought a scroll of noise for 11 gold pieces
  4564 | D:5      | Bought a scroll of remove curse for 33 gold pieces
  4564 | D:5      | Bought a scroll of identify for 22 gold pieces
  4564 | D:5      | Bought a scroll of identify for 22 gold pieces
  4583 | D:5      | Found Jekeoss's Gadget Emporium.
  4670 | D:5      | Found Ytuil's Armour Shop.
  4672 | D:5      | Found Goaxu's Armour Shop.
  4757 | D:5      | Reached XP level 8. HP: 52/52 MP: 9/9
  5081 | D:5      | Reached skill level 3 in Armour
  5122 | D:5      | Found a staircase to the Ecumenical Temple.
  5154 | D:5      | Reached skill level 4 in Dodging
  5180 | D:5      | Found a shimmering altar of Xom.
  5252 | D:5      | Reached ** piety under Okawaru
  5252 | D:5      | Reached skill level 2 in Invocations
  5467 | D:6      | Learned a level 2 spell: Swiftness
  5487 | D:6      | Reached skill level 9 in Slings
  5651 | D:6      | Found a white marble altar of Elyvilon.
  5679 | D:6      | Reached skill level 4 in Short Blades
  5679 | D:6      | Reached skill level 4 in Stealth
  6289 | D:6      | Found a deep blue altar of Sif Muna.
  6429 | D:7      | HP: 5/54 [ogre/+0 giant spiked club (20)]
  6451 | D:7      | Demolished by an ogre

Skill      XL: |  1  2  3  4  5  6  7  8 |
---------------+-------------------------+-----
Slings         | 6 7 8 9 |  9.4
Fighting       | 2 3 |  3.9
Short Blades   | 1 2 3 4 |  4.2
Armour         | 1 2 3 |  3.5
Stealth        | 2 3 4 |  4.1
Dodging        | 3 4 |  4.3
Invocations    | 1 2 |  2.6

Action                   |  1- 3 |  4- 6 |  7- 9 || total
-------------------------+-------+-------+-------++-------
Melee: Short sword       |       |    40 |     8 ||    48
       Falchion          |       |       |    60 ||    60
 Fire: Hunting sling     |    69 |   162 |   207 ||   438
Throw: Stone             |       |     7 |     2 ||     9
Invok: Heroism           |       |       |     4 ||     4
  Use: Scroll            |       |     2 |       ||     2
 Stab: Sleeping          |       |     3 |     2 ||     5
  Eat: Chunk             |       |     5 |     8 ||    13
       Ration            |       |     1 |       ||     1
Armor: Leather armour    |     3 |    23 |    21 ||    47
Dodge: Dodged            |     8 |   122 |   129 ||   259
       Rpst.: Falchion   |       |       |    13 ||    13
